Map: [ESL] Goldenaura

Players

SKillous

  • Race: Protoss Protoss
  • Spawn Location: 5:00

Krystianer - Winner!

  • Race: Protoss Protoss
  • Spawn Location: 12:00

Event: ESL SC2 Masters 2023 Winter (Regional)

VOD

Have the link to the VOD?

Description

Time

  • Played on: Nov. 16, 2023, 1:33 p.m.
  • Length: 10:04

All games in this series

Show
View Real Time Build Order
Export as new Build Order

SKillous Protoss 

Build Orders: Oracle Opening, Blink Stalkers 

Get SALT Encoding   

  12  0:00  Probe  
  13  0:12  Probe  
  14  0:17  Pylon  
  14  0:24  Probe (Chrono Boost)  
  15  0:36  Probe (Chrono Boost)  
  15  0:37  Gateway  
  16  0:44  Probe (Chrono Boost)  
  16  0:46  Assimilator  
  17  0:50  Probe  
  17  0:54  Assimilator  
  18  1:03  Probe (Chrono Boost)  
  19  1:08  Gateway  
  20  1:12  Probe (Chrono Boost)  
  20  1:17  Probe (Chrono Boost)  
  20  1:23  Cybernetics Core  
  21  1:29  Probe  
  22  1:34  Pylon  
  22  1:41  Probe  
  23  1:53  Probe  
  24  2:00  Stalker x2  
  28  2:01  Warp Gate  
  28  2:12  Pylon  
  28  2:22  Pylon  
  28  2:25  Stargate  
  28  2:46  Nexus  
  28  2:49  Probe  
  29  2:56  Shield Battery  
  29  3:01  Probe  
  30  3:06  Oracle (Chrono Boost)  
  33  3:13  Probe  
  34  3:21  Twilight Council  
  34  3:25  Probe  
  35  3:32  Pylon  
  35  3:38  Probe  
  36  3:50  Probe (Chrono Boost)  
  36  3:52  Stalker x2  
  41  3:58  Blink (Chrono Boost)  
  41  4:01  Probe (Chrono Boost)  
  43  4:08  Probe (Chrono Boost)  
  44  4:10  Probe (Chrono Boost)  
  44  4:15  Probe (Chrono Boost)  
  44  4:16  Probe  
  46  4:25  Stalker x2  
  46  4:26  Probe  
  46  4:29  Probe  
  52  4:38  Gateway, Probe  
  52  4:40  Pylon  
  52  4:41  Probe  
  54  4:48  Sentry  
  54  4:50  Probe, Stalker  
  59  4:53  Probe  
  60  5:05  Probe  
  61  5:08  Nexus  
  61  5:09  Probe  
  62  5:14  Shield Battery  
  62  5:17  Stalker  
  62  5:19  Probe  
  65  5:21  Probe  
  65  5:23  Assimilator  
  65  5:27  Pylon  
  66  5:31  Probe  
  66  5:33  Probe  
  68  5:36  Forge  
  68  5:42  Stalker  
  70  5:47  Stalker  
  70  5:48  Probe x2  
  74  5:57  Stalker  
  74  6:00  Probe (Chrono Boost)  
  74  6:02  Gateway, Protoss Ground Weapons Level 1 (Chrono Boost)  
  78  6:05  Probe (Chrono Boost)  
  78  6:14  Robotics Facility  
  78  6:15  Pylon  
  78  6:17  Probe  
  78  6:19  Probe x2  
  81  6:26  Resonating Glaives (Chrono Boost)  
  81  6:29  Probe  
  81  6:31  Probe  
  81  6:32  Assimilator, Probe  
  84  6:36  Gateway  
  84  6:37  Gateway  
  84  6:42  Gateway, Probe  
  84  6:44  Gateway, Pylon  
  84  6:47  Probe x2  
  87  6:51  Stalker x2  
  91  6:59  Stalker x2  
  95  7:02  Observer (Chrono Boost)  
  96  7:09  Probe  
  96  7:14  Stalker x2  
  101  7:16  Warp Prism (Chrono Boost), Pylon  
  103  7:23  Nexus  
  103  7:25  Pylon  
  103  7:30  Stalker x2  
  107  7:39  Stalker x3  
  107  7:40  Stalker  
  115  7:46  Stalker  
  111  8:08  Stalker x7  
  90  8:28  Stalker  
  90  8:31  Stalker x6  
  90  8:33  Adept  
  104  8:34  Probe  
  104  8:41  Shield Battery  
  108  8:46  Shield Battery  
  105  8:52  Stalker  
  105  8:54  Stalker x3  
  113  9:01  Adept x4  
  121  9:05  Pylon  
  121  9:08  Pylon  
  121  9:09  Nexus  
  121  9:15  Pylon  
  121  9:20  Assimilator  
  121  9:22  Pylon  
  121  9:26  Stalker x3  
  121  9:27  Stalker  
  121  9:29  Adept x2  
  131  9:37  Stalker x2  
  107  9:51  Stalker x2  
  107  9:52  Stalker x2  
  102  9:54  Zealot x2  
Show
View Real Time Build Order
Export as new Build Order

Krystianer Protoss - Winner!

Build Orders: Blink Stalkers 

Get SALT Encoding   

  12  0:00  Probe  
  13  0:12  Probe  
  14  0:16  Pylon  
  14  0:24  Probe (Chrono Boost)  
  16  0:36  Probe (Chrono Boost)  
  16  0:37  Gateway  
  16  0:41  Probe (Chrono Boost)  
  17  0:45  Assimilator  
  17  0:51  Probe  
  17  0:54  Assimilator  
  18  1:03  Probe (Chrono Boost)  
  19  1:07  Gateway  
  19  1:12  Probe (Chrono Boost)  
  19  1:17  Probe (Chrono Boost)  
  20  1:23  Cybernetics Core  
  21  1:29  Probe  
  22  1:34  Pylon  
  22  1:41  Probe  
  23  1:53  Probe  
  24  1:59  Stalker x2  
  24  2:00  Warp Gate  
  28  2:05  Probe  
  29  2:11  Pylon  
  29  2:17  Probe  
  32  2:31  Sentry  
  34  2:41  Nexus  
  32  2:45  Probe  
  33  2:54  Twilight Council  
  33  2:57  Probe (Chrono Boost)  
  34  3:06  Stalker, Probe (Chrono Boost)  
  34  3:11  Probe (Chrono Boost)  
  36  3:16  Pylon  
  37  3:23  Probe (Chrono Boost)  
  38  3:28  Blink (Chrono Boost)  
  38  3:29  Probe (Chrono Boost)  
  39  3:38  Probe  
  40  3:48  Stalker  
  42  3:49  Stalker  
  42  3:55  Probe (Chrono Boost)  
  46  3:59  Probe (Chrono Boost)  
  46  4:03  Probe (Chrono Boost)  
  46  4:06  Probe (Chrono Boost)  
  48  4:12  Probe, Stalker x2  
  53  4:17  Probe  
  55  4:24  Probe  
  55  4:35  Nexus  
  55  4:36  Stalker  
  57  4:39  Stalker  
  57  4:43  Pylon  
  59  4:47  Robotics Facility  
  59  4:49  Probe  
  59  4:51  Probe  
  61  5:01  Forge  
  61  5:02  Probe  
  61  5:03  Stalker  
  61  5:05  Stalker  
  66  5:10  Pylon, Probe  
  67  5:14  Probe  
  67  5:16  Shield Battery  
  68  5:22  Probe  
  68  5:24  Protoss Ground Weapons Level 1  
  68  5:26  Probe  
  70  5:32  Pylon  
  70  5:34  Stalker x2, Probe  
  76  5:36  Observer  
  76  5:40  Probe (Chrono Boost)  
  77  5:47  Probe x2 (Chrono Boost)  
  79  5:56  Probe x3 (Chrono Boost)  
  82  5:59  Gateway x2  
  82  6:00  Observer  
  82  6:02  Probe  
  84  6:04  Gateway x2  
  84  6:11  Gateway  
  84  6:14  Probe  
  84  6:15  Gateway  
  84  6:17  Stalker x2  
  89  6:22  Pylon  
  89  6:28  Nexus  
  89  6:29  Charge (Chrono Boost)  
  89  6:30  Probe x2  
  89  6:32  Probe  
  92  6:41  Observer  
  92  6:42  Probe, Pylon  
  92  6:43  Probe  
  94  6:47  Gateway  
  94  6:48  Probe  
  94  6:49  Gateway  
  95  6:55  Probe x2  
  95  6:57  Stalker x2  
  95  6:58  Warp Prism (Chrono Boost)  
  95  7:00  Pylon  
  101  7:04  Probe  
  101  7:07  Probe  
  101  7:08  Zealot x2  
  108  7:10  Photon Cannon  
  108  7:12  Zealot  
  108  7:15  Stalker  
  112  7:22  Stalker  
  114  7:24  Zealot  
  114  7:26  Shield Battery  
  114  7:28  Zealot x3  
  122  7:30  Zealot  
  122  7:36  Protoss Ground Weapons Level 2 (Chrono Boost)  
  124  7:45  Zealot x6  
  134  7:52  Zealot x3  
  134  7:58  Zealot  
  132  8:06  Zealot x6  
  128  8:13  Zealot x3  
  120  8:34  Stalker x5  
  120  8:35  Zealot x5  
  120  8:39  Pylon  
  140  8:53  Probe x2  
  140  8:55  Nexus  
  140  8:57  Probe  
  140  8:59  Pylon  
  140  9:01  Pylon  
  140  9:02  Pylon  
  141  9:04  Pylon  
  137  9:11  Zealot x6  
  147  9:18  Zealot x3  
  153  9:26  Gateway, Probe  
  153  9:28  Gateway  
  150  9:34  Zealot x7  
  150  9:35  Probe  
  145  9:39  Zealot x3  
  145  9:41  Probe  
  145  9:44  Probe  
  121  9:54  Zealot x2  
  121  9:55  Zealot x5  
Tags
 
Add a new tag
Caveats
  • Supply blocks, unpowered buildings, or Contaminate may cause inaccurate times.
  • Supply counts are checked every 10 seconds.